 Dungeon Crawl Stone Soup version 0.31-a0-180-g519b7de00c (webtiles) character file.

Game seed: 4708308655669529326

81 olmar the Ruffian (level 4, -1/38 HPs)
             Began as a Naga Transmuter on June 20, 2023.
             Slain by a gnoll
             ... wielding a +0 halberd
              (14 damage)
             ... on level 2 of the Dungeon.
             The game lasted 00:03:13 (1471 turns).

olmar the Ruffian (Naga Transmuter)                 Turns: 1471, Time: 00:03:13

Health: -1/38      AC:  3    Str: 12    XL:     4   Next: 42%
Magic:  7/7        EV: 10    Int: 22    God:
Gold:   47         SH:  0    Dex: 11    Spells: 2/8 levels left

rFire   . .          .
                       - Unarmed
rCold   . . .        (no shield)
rNeg    . . .        a - +1 robe
rPois   +            (no helmet)
rElec   .            (no cloak)
rCorr   .            (no gloves)
SInv    +            (no barding)
Will    +....        (no amulet)
Stlth   +            d - ring of willpower
HPRegen 0.26/turn    i - +6 ring of intelligence
MPRegen 0.10/turn

%: no passive effects
@: short of breath, hasted, quick
A: AC +1, large, see invisible, deformed body, poison resistance, slowness 2,
spit poison 1, naga tail 1
a: Spit Poison


You were on level 2 of the Dungeon.
You visited 1 branch of the dungeon, and saw 2 of its levels.

You collected 47 gold pieces.

Inventory:

Armour
 a - a +1 robe (worn)
Jewellery
 d - a ring of willpower (left hand)
 i - a +6 ring of intelligence (right hand)
Scrolls
 k - a scroll of revelation
Potions
 b - a potion of lignification
 h - a potion of haste


   Skills:
 + Level 1.2 Fighting
 + Level 2.0 Dodging
 + Level 4.1 Unarmed Combat
 + Level 2.5 Spellcasting
 + Level 2.3 Transmutations
 * Level 0.5 Poison Magic


You had 2 spell levels left.
You knew the following spells:

 Your Spells              Type           Power      Damage    Failure   Level
a - Beastly Appendage     Tmut           24%        N/A       4%          1
b - Wereblood             Tmut           12%        N/A       8%          2
c - Spider Form           Tmut/Pois      9%         N/A       22%         3

Your spell library contained the following spells:

 Spells                   Type           Power      Damage    Failure   Level
 Ice Form                 Ice/Tmut       7%         N/A       63%         4


Dungeon Overview and Level Annotations

Branches:
Dungeon (2/15)

Altars:


Innate Abilities, Weirdness & Mutations

Your serpentine skin is tough. (AC +1)
You have supernaturally acute eyesight. (SInv)
Armour fits poorly on your strangely shaped body.
Your system is resistant to poisons. (rPois)
You cover ground very slowly.
You can spit poison.
You have a snake-like lower body.


Message History

t - Creak!
Orders for allies: a - Attack new target. p - Attack previous target. r - Retreat! s - Stop attacking. g - Guard the area. f - Follow me.
Anything else - Cancel.
You creak for attention!
You have got your breath back.
The gnoll splashes around in the water.
Unknown command.
Aiming: Spit Poison (1% risk of failure)
Press: ? - help, Shift-Dir - straight line, f/p - gnoll
Aim: a gnoll, wielding a +0 spear (blue smoke, severely wounded, 65% to hit)
The splash of poison hits the gnoll.
The gnoll is poisoned.
The gnoll is almost dead.
The gnoll hits you but does no damage.
Unknown command.
What are your orders? t - Creak!
Orders for allies: a - Attack new target. p - Attack previous target. r - Retreat! s - Stop attacking. g - Guard the area. f - Follow me.
Anything else - Cancel.
You creak for attention!
You feel less wooden.
Your +1 robe unmelds from your body.
The gnoll splashes around in the water.
Unknown command.
What are your orders? t - Howl!
Orders for allies: a - Attack new target. p - Attack previous target. r - Retreat! s - Stop attacking. g - Guard the area. f - Follow me.
Anything else - Cancel.
Okay, then.
Unknown command.
Your primal bloodlust has ended.
The gnoll closely misses you.
The gnoll splashes around in the water.
You see here a +0 club.
Unknown command.
You closely miss the gnoll. The gnoll hits you with a +0 halberd!
You die...

#.>... ♣♣♣≈~~~~♣#####
#....~♣♣~~~PP~~~P....
####...♣♣~~~~~~~≈~P~~.##
.....♣~P~~~≈~≈≈~P~~~♣#
#..♣~~P~~~≈≈≈≈≈≈~~~~##
#..§§§§§~~~~~≈~†~~....
#..§§§§§.............#
#..§§§§§~~≈≈≈~~~≈~.~..
#...♣g§@§§≈≈~~≈~PP~~.~~.
#..#~§Pg§§≈≈P♣♣♣~~~~.P♣♣
..♣§~PP≈§♣♣♣ ♣♣~~~.~~♣
..# ~~§~P≈~♣ ♣PP≈.~~♣ .
#♣~~~PP~♣ ♣~~~.~~♣
#♣~P~~♣~ ♣~≈≈.≈~~
#♣~♣#### ##~~≈.~♣♣ .~#
#####.~P~.~♣~
..####.....♣~~.~♣♣


You could see 2 gnolls.

Vanquished Creatures
  An adder (D:2)
  2 gnolls (D:2)
  2 dart slugs (D:1)
  3 ball pythons
  9 bats
  3 endoplasms
  5 giant cockroaches
  4 goblins
  6 hobgoblins
  2 kobolds
  5 quokkas
  A frilled lizard (D:1)
  A rat (D:1)
44 creatures vanquished.

Notes
Turn   | Place    | Note
-------+----------+-------------------------------------------
     0 | D:1      | olmar the Naga Transmuter began the quest for the Orb.
     0 | D:1      | Reached XP level 1. HP: 18/18 MP: 3/3
    95 | D:1      | Reached XP level 2. HP: 25/25 MP: 5/5
   306 | D:1      | Learned a level 2 spell: Wereblood
   383 | D:1      | Reached XP level 3. HP: 29/31 MP: 2/6
  1247 | D:2      | Reached skill level 4 in Unarmed Combat
  1295 | D:2      | Learned a level 3 spell: Spider Form
  1313 | D:2      | Reached XP level 4. HP: 32/38 MP: 3/7
  1471 | D:2      | Slain by a gnoll

Illustrated notes

Levels and vault maps discovered:
D:1:      lightli_arrival_maybe_door_vault, layout_basic
D:2:      layout_rooms, serial_bayou, serial_bayou_shore_b,
          serial_bayou_lagoon_b, serial_bayou_pond_d, serial_bayou_shore_a,
          serial_bayou_pond_a

Skill      XL: |  1  2  3  4 |
---------------+-------------+-----
Unarmed Combat | 4 |  4.1
Dodging        | 2 |  2.0
Fighting       | |  1.2
Spellcasting   | |  2.5
Transmutations | |  2.3
Poison Magic   | |  0.5

Action                     |  1- 3 |  4- 6 || total
---------------------------+-------+-------++-------
  Melee: Unarmed           |   136 |    23 ||   159
         Punch             |     5 |       ||     5
         Headbutt          |     6 |     1 ||     7
   Cast: Beastly Appendage |     9 |     1 ||    10
         Wereblood         |     5 |     2 ||     7
Ability: Spit Poison       |     9 |     5 ||    14
    Use: Scroll            |       |     5 ||     5
         Potion            |       |     2 ||     2
 Armour: Robe              |    36 |     4 ||    40
         Skin              |       |    38 ||    38
  Dodge: Dodged            |   118 |    14 ||   132

Table legend: (Time is in decaauts)
 A = Elapsed time spent in this place.
 B = Non-inter-level travel time spent in this place.
 C = Inter-level travel time spent in this place.
 D = Time resting spent in this place.
 E = Time spent auto-exploring this place.
 F = Levels seen in this place.
 G = Mean time per level.
                   A        B        C        D        E       F      G
               +--------+--------+--------+--------+--------+-----+--------+
         Total |   1785 |   1725 |     60 |      0 |   1337 |   2 |  892.5 |
       Dungeon |   1785 |   1725 |     60 |      0 |   1337 |   2 |  892.5 |
               +--------+--------+--------+--------+--------+-----+--------+

Top non-repeatable levels by time:
     D:1: 1140 daAuts
     D:2: 645 daAuts
